 Dungeon Crawl Stone Soup version 0.25.1-8-g42b30a86e7 (webtiles) character file.

Game seed: 6996502826462083842

54 Abzac the Charmwright (level 3, -9/27 HPs)
             Began as a Merfolk Skald on Dec 16, 2020.
             Killed by divine providence
             ... invoked by an orc priest
              (10 damage)
             ... on level 3 of the Dungeon.
             The game lasted 00:02:42 (1377 turns).

Abzac the Charmwright (Merfolk Skald)               Turns: 1377, Time: 00:02:45

Health: -9/27      AC:  3    Str: 12    XL:     3   Next: 91%
Magic:  1/6        EV: 12    Int: 12    God:
Gold:   104        SH:  0    Dex: 13    Spells: 5/6 levels left

rFire    . . .     SeeInvis .   a - +0 spear
rCold    . . .     Gourm    .   (no shield)
rNeg     . . .     Faith    .   b - +0 leather armour
rPois    .         Spirit   .   (no helmet)
rElec    .         Reflect  .   (no cloak)
rCorr    .         Harm     .   (no gloves)
MR       +....                  (no boots)
Stlth    +.........             (no amulet)
HPRegen  0.09/turn              g - ring of protection from magic
MPRegen  0.10/turn              (no ring)

@: infused
A: change form in water, swift swim, stealthy swim
a: no special abilities


You were on level 3 of the Dungeon.
You were hungry.

You visited 1 branch of the dungeon, and saw 3 of its levels.

You collected 104 gold pieces.

Inventory:

Hand Weapons
 a - a +0 spear (weapon)
Armour
 b - a +0 leather armour (worn)
Jewellery
 g - a ring of protection from magic (left hand)
 n - a +4 ring of evasion {unknown}
Scrolls
 c - 2 scrolls of enchant weapon {unknown}
 f - a scroll of immolation {unknown}
 h - a scroll of noise {unknown}
 i - a scroll of enchant armour {unknown}
 j - a scroll of remove curse {unknown}
 k - 4 scrolls of identify {unknown}
 l - 2 scrolls of teleportation {unknown}
Potions
 e - a potion of resistance {unknown}
Comestibles
 d - 6 rations
 m - 3 chunks of flesh


   Skills:
 - Level 2.1 Fighting
 + Level 4.2 Polearms
 - Level 0.6 Armour
 - Level 2.6 Dodging
 - Level 2.0 Spellcasting
 * Level 4.6 Charms


You had 5 spell levels left.
You knew the following spells:

 Your Spells              Type           Power        Failure   Level  Hunger
a - Infusion              Chrm           ##..         5%          1    ##.....

Your spell library contained the following spells:

 Spells                   Type           Power        Failure   Level  Hunger
 Song of Slaying          Chrm           ##......     8%          2    ###....
 Shroud of Golubria       Chrm/Tloc      #.....       21%         2    ###....
 Ozocubu's Armour         Chrm/Ice       #.......     38%         3    ####...
 Spectral Weapon          Hex/Chrm       #.......     38%         3    ####...


Dungeon Overview and Level Annotations

Branches:
Dungeon (3/15)

Altars:


Message History

The orc priest hits you with a +0 club.
* * * LOW HITPOINT WARNING * * *
You hit the orc priest.
The orc priest is moderately wounded.
The kobold hits you but does no damage. The orc priest barely misses you.
You hit the orc priest.
The orc priest is moderately wounded.
The kobold hits you from afar with a +0 spear.
* * * LOW HITPOINT WARNING * * *
You closely miss the orc priest.
The orc priest is moderately wounded.
The orc priest hits you but does no damage.
The kobold hits you but does no damage.
You hit the orc priest but do no damage.
The orc priest is moderately wounded.
The kobold hits you from afar with a +0 spear.
* * * LOW HITPOINT WARNING * * *
The orc priest invokes the aid of Beogh against you.
Beogh smites you!
You die...

#... #... #...
#..#
#..####### #
#.##..[......
##.
#...Kb....#
...
#..######o#
#.##
#....P.##@##
#.##
#..........#
#.##
#..........#
#.##
##.........#
#.##
#####.....#
#.## #.....#
.#########.##
#.#.###
.......รท.....
#.#.#
#.##...<..###
#.#.. ########
#


You could see an orc priest, a bat and a kobold.

Vanquished Creatures
  A gnoll (D:1)
  2 adders (D:3)
  A dart slug (D:1)
  2 leopard geckos (D:1)
  2 orcs (D:3)
  3 giant cockroaches (D:3)
  2 goblins
  A hobgoblin (D:1)
  A kobold (D:3)
  3 bats (D:1)
  A frilled lizard (D:1)
  4 rats
23 creatures vanquished.

Notes
Turn   | Place    | Note
-------+----------+-------------------------------------------
     0 | D:1      | Abzac the Merfolk Skald began the quest for the Orb.
     0 | D:1      | Reached XP level 1. HP: 16/16 MP: 3/3
    45 | D:1      | Reached XP level 2. HP: 12/22 MP: 0/5
   464 | D:1      | Reached XP level 3. HP: 14/27 MP: 6/6
  1377 | D:3      | HP: 1/27 [kobold/+0 spear (3)]
  1377 | D:3      | Killed from afar by an orc priest

Illustrated notes

Levels and vault maps discovered:
D:1:      dpeg_arrival_pits, layout_rooms
D:2:      layout_loops_ring, kennysheep_small_spiral
D:3:      layout_loops_ring, serial_undead, serial_undead_c, serial_undead_f,
          serial_undead_a, serial_undead_c, serial_undead_a, serial_undead_e,
          uniq_sigmund

Skill      XL: |  1  2  3 |
---------------+----------+-----
Charms         | 4 |  4.6
Polearms       | 4 |  4.2
Fighting       | |  2.1
Armour         | |  0.6
Dodging        | |  2.6
Spellcasting   | |  2.0

Action                   || total
-------------------------++-------
Melee: Spear             ||   109
 Cast: Infusion          ||     3
  Eat: Chunk             ||     1
Armor: Leather armour    ||    20
Dodge: Dodged            ||    57
